 Dungeon Crawl Stone Soup version 0.30-a0-989-g0d87f670db (webtiles) character file.

Game seed: 4239660832972680735

85 bearlyready the Chopper (level 4, -8/58 HPs)
             Began as an Armataur Berserker on Apr 3, 2023.
             Was a Believer of Trog.
             Splashed by a jelly's acid (9 damage)
             ... on level 3 of the Dungeon.
             The game lasted 00:01:22 (1924 turns).

bearlyready the Chopper (Armataur Berserker)        Turns: 1924, Time: 00:01:23

Health: -8/58      AC:  0    Str: 25    XL:     4   Next: 25%
Magic:  4/4        EV:  9    Int: 13    God:    Trog [**....]
Gold:   149        SH:  0    Dex:  9    Spells: 3/3 levels left

rFire   . . .      SeeInvis .    a - +0 hand axe
rCold   . . .      Faith    .    (no shield)
rNeg    . . .      Spirit   .    b - +0 animal skin
rPois   .          Reflect  .    (no helmet)
rElec   .          Roll     +    (no cloak)
rCorr   .                        (no gloves)
Will    .....                    (no barding) Stlth
                                 (no amulet)
HPRegen 0.29/turn                h - +6 ring of intelligence
MPRegen 0.09/turn                (no ring)

@: berserking, corroded, very quick
A: large, rugged brown scales 3, deformed body, armoured tail, roll, long
tongue, awkward tongue
a: Renounce Religion, Berserk, Trog's Hand


You were on level 3 of the Dungeon.
You worshipped Trog.
Trog was pleased with you.
You visited 1 branch of the dungeon, and saw 3 of its levels.

You collected 149 gold pieces.

Inventory:

Hand Weapons
 a - a +0 hand axe (weapon)
Missiles
 f - 33 stones (quivered)
Armour
 b - a +0 animal skin (worn)
Jewellery
 h - a +6 ring of intelligence (left hand)
Scrolls
 d - 3 scrolls of amnesia {unknown}
 e - 2 scrolls of vulnerability {unknown}
 g - 3 scrolls of identify {unknown}
 i - a scroll of teleportation {unknown}
 j - a scroll of magic mapping {unknown}
 k - a scroll of noise {unknown}
Potions
 c - a potion of heal wounds {unknown}
 l - a potion of lignification {unknown}


   Skills:
 - Level 2.6 Fighting
 + Level 4.2 Axes
 - Level 2.4 Armour
 - Level 1.3 Dodging


You had 3 spell levels left.
You didn't know any spells.
Your spell library was empty.

Dungeon Overview and Level Annotations

Branches:
Dungeon (3/15)

Altars:


Innate Abilities, Weirdness & Mutations

You are completely covered in rugged brown scales. (AC +3, +7% HP)
Armour fits poorly on your strangely shaped body.
You have a long armoured tail.
You roll when moving toward enemies. (Rampage)
Your long tongue fully drains potion bottles. (2x potion effects)
Your tongue gives you trouble enunciating. (1.5x scroll delay)


Message History

You barely miss the worm. You tail-slap the worm!
The worm is severely wounded.
The worm barely misses you.
You hit the worm. You tail-slap the worm.
You kill the worm!
Trog accepts your kill.
No target in view!
No target in view!
No target in view!
No target in view!
No target in view!
No target in view!
There is a stone staircase leading up here.
You now have 149 gold pieces (gained 14).
A jelly comes into view.
The jelly quivers.
A jelly is nearby!
A jelly is nearby!
The jelly hits you. The acid corrodes you!
You are splashed with acid!
You hit the jelly.
Your hands burn!
The jelly is moderately wounded.
The jelly hits you.
You are splashed with acid!
You hit the jelly. The acid corrodes you!
Your hands burn!
* * * LOW HITPOINT WARNING * * *
You tail-slap the jelly.
The jelly is heavily wounded.
The jelly misses you.
Okay, then.
A red film seems to cover your vision as you go berserk!
You feel yourself moving faster!
You feel mighty! The jelly hits you.
* * * LOW HITPOINT WARNING * * *
You are splashed with acid!
* * * LOW HITPOINT WARNING * * *
You slash the jelly!
Your hands burn!
* * * LOW HITPOINT WARNING * * *
The jelly is almost dead.
The jelly hits you.
* * * LOW HITPOINT WARNING * * *
You are splashed with acid!
You die...

#............####.##
#.#######.......<..# #####
#.# #.######...###....
#.#######.#####.#..)..<...
#.#......#.........###.###
#.#.#####.#####....###.#
######.#.## #.#
##.###.##.# #..........#
#.# #.## ##<#.#
#.#####.#..# #@# #.# #...#
#.#..##.J.# #.## ##...#
#.#..##.### #..###.#..#
#.#..##. #.....##..#
#.#..## #.....>...# #....#
#..#.###.### ###..#
.............##
......##........
####.###.##.#.##


You could see a jelly.

Vanquished Creatures
  4 adders
  2 worms
  2 dart slugs (D:1)
  2 endoplasms
  3 giant cockroaches
  3 goblins (D:1)
  3 hobgoblins
  7 kobolds
  A quokka (D:1)
  8 ball pythons
  A bat (D:2)
  A frilled lizard (D:1)
  4 rats
41 creatures vanquished.

Notes
Turn   | Place    | Note
-------+----------+-------------------------------------------
     0 | D:1      | bearlyready the Armataur Berserker began the quest for the
                  | Orb.
     0 | D:1      | Reached XP level 1. HP: 19/19 MP: 1/1
   152 | D:1      | Found a faded altar of an unknown god.
   193 | D:1      | Reached XP level 2. HP: 26/26 MP: 2/2
   195 | D:1      | Reached skill level 3 in Axes
   960 | D:2      | Reached XP level 3. HP: 30/32 MP: 3/3
   963 | D:2      | Reached ** piety under Trog
  1682 | D:3      | Reached skill level 4 in Axes
  1710 | D:3      | Reached XP level 4. HP: 37/39 MP: 4/4
  1924 | D:3      | HP: 1/58 [jelly (2)]
  1924 | D:3      | Splashed by a jelly's acid

Illustrated notes

Levels and vault maps discovered:
D:1:      dpeg_arrival_chambers_temple_mockup, layout_loops_cross,
          basic_ecumenical_altar
D:2:      layout_loops_ring
D:3:      layout_loops_ring, uniq_ijyb, uniq_jessica

Skill      XL: |  1  2  3 |
---------------+----------+-----
Axes           | 3 4 |  4.2
Fighting       | |  2.6
Armour         | |  2.4
Dodging        | |  1.3

Action                     |  1- 3 |  4- 6 || total
---------------------------+-------+-------++-------
  Melee: Hand axe          |   108 |    35 ||   143
         Tailslap          |    11 |     3 ||    14
         Punch             |     1 |       ||     1
 Invoke: Berserk           |       |     1 ||     1
   Stab: Sleeping          |     2 |       ||     2
 Armour: Animal skin       |    45 |    13 ||    58
  Dodge: Dodged            |    40 |    12 ||    52

Table legend: (Time is in decaauts)
 A = Elapsed time spent in this place.
 B = Non-inter-level travel time spent in this place.
 C = Inter-level travel time spent in this place.
 D = Time resting spent in this place.
 E = Time spent auto-exploring this place.
 F = Levels seen in this place.
 G = Mean time per level.
                   A        B        C        D        E       F      G
               +--------+--------+--------+--------+--------+-----+--------+
         Total |   1941 |   1918 |     23 |     77 |   1529 |   3 |  647.0 |
       Dungeon |   1941 |   1918 |     23 |     77 |   1529 |   3 |  647.0 |
               +--------+--------+--------+--------+--------+-----+--------+

Top non-repeatable levels by time:
     D:2: 849 daAuts
     D:1: 826 daAuts
     D:3: 265 daAuts
